 Dungeon Crawl Stone Soup version 0.26-a0-542-gbaa144b (webtiles) character file.

Game seed: 7278316424673811291

12682 sooty the Spear-Bearer (level 11, -18/75 HPs)
             Began as an Octopode Fighter on Aug 17, 2020.
             Was the Champion of Cheibriados.
             Demolished by a minotaur
             ... wielding a +0 vorpal quarterstaff
              (31 damage)
             ... in a Gauntlet.
             The game lasted 00:48:03 (14904 turns).

sooty the Spear-Bearer (Octopode Fighter)          Turns: 14904, Time: 00:48:04

Health: -18/75     AC:  1    Str: 33    XL:     11   Next: 97%
Magic:  16/16      EV: 19    Int: 23    God:    Cheibriados [******]
Gold:   588        SH: 14    Dex: 29    Spells: 15/17 levels left

rFire    . . .     SeeInvis .   L - +8 spear of Onuhicy {elec, rElec rPois}
rCold    + . .     Faith    +   b - +1 kite shield
rNeg     + + .     Spirit   .   (helmet restricted)
rPois    +         Reflect  .   D - amulet of faith
rElec    +         Harm     .   F - ring of protection from cold
rCorr    +         NoTele   +   I - ring of stealth
MR       .....                  G - ring of Uladug {rElec rPois rN++ rCorr Int-3}
Stlth    ++++++....             (no ring)
HPRegen  0.22/turn              (no ring)
MPRegen  0.15/turn              (no ring)
                                (no ring)
                                (no ring)

@: mighty, stab, very slightly contaminated, invisible (expiring), very slow
A: almost no armour, stealthy swim, amphibious, 8 rings, constrict 8, tentacle
spike 1, camouflage 1, agile 1, gelatinous body 1
a: Bend Time, Temporal Distortion, Slouch, Step From Time, Renounce Religion


You were in a Gauntlet.
You worshipped Cheibriados.
Cheibriados was exalted by your worship.
You visited 2 branches of the dungeon, and saw 12 of its levels.
You also visited: Ossuary and Gauntlet.

You collected 588 gold pieces.

Inventory:

Hand Weapons
 a - a +2 trident
 L - the +8 spear of Onuhicy (weapon) {elec, rElec rPois}
   (You found it in a Gauntlet)

   Occasionally, upon striking a foe, it will discharge some electrical energy
   and cause terrible harm.
   It insulates you from electricity.
   It protects you from poison.
Missiles
 g - 23 poisoned darts
 A - 16 boomerangs (quivered)
 M - a throwing net
Armour
 b - a +1 kite shield (worn)
Jewellery
 D - an amulet of faith (around mantle)
 F - a ring of protection from cold (left tentacle)
 G - the ring of Uladug (on tentacle) {rElec rPois rN++ rCorr Int-3}
   (You found it in a Gauntlet)

   [ring of resist corrosion]

   It affects your intelligence (-3).
   It insulates you from electricity.
   It protects you from poison.
   It greatly protects you from negative energy.
   It provides partial protection from all sources of acid and corrosion.
 I - a ring of stealth (right tentacle)
Wands
 r - a wand of iceblast (13)
 z - a wand of enslavement (8)
 C - a wand of paralysis (18)
 E - a wand of digging (9)
 H - a wand of polymorph (5)
Scrolls
 d - 3 scrolls of blinking
 e - a scroll of magic mapping
 h - 3 scrolls of fear
 i - 2 scrolls of enchant armour
 l - 2 scrolls of teleportation
 s - a scroll of vulnerability
 v - 6 scrolls of remove curse
 x - 2 scrolls of amnesia
 y - a scroll of noise
 B - a scroll of immolation
 J - a scroll of fog
Potions
 c - 7 potions of lignification
 f - 4 potions of magic
 j - 3 potions of stabbing
 k - a potion of brilliance
 m - 8 potions of curing
 n - 7 potions of flight
 o - 3 potions of cancellation
 p - 3 potions of ambrosia
 q - a potion of heal wounds
 t - a potion of invisibility
 u - 3 potions of haste
 w - 3 potions of might
 K - 2 potions of mutation


   Skills:
 * Level 7.3 Fighting
 * Level 11.5 Polearms
 + Level 5.3 Throwing
 * Level 6.9 Dodging
 - Level 6.1 Stealth
 * Level 5.6 Shields
 * Level 3.7 Spellcasting
 * Level 3.8 Transmutations
 - Level 4.0 Earth Magic
 - Level 4.0 Invocations
 + Level 0.3 Evocations


You had 15 spell levels left.
You knew the following spells:

 Your Spells              Type           Power        Failure   Level
a - Passwall              Tmut/Erth      ###.....     11%         2

Your spell library contained the following spells:

 Spells                   Type           Power        Failure   Level
 Sandblast                Erth           ###...       7%          1
 Stone Arrow              Conj/Erth      ##....       43%         3
 Petrify                  Tmut/Erth      ###.....     56%         4
 Confusing Touch          Hex            #.......     71%         3
 Gell's Gravitas          Tloc           #.........   71%         3
 Lee's Rapid Deconstruct  Erth           ###.......   88%         5
 Yara's Violent Unravell  Hex/Tmut       ##........   99%         5
 Metabolic Englaciation   Hex/Ice        #.........   100%        5


Dungeon Overview and Level Annotations

Branches:
Dungeon (11/15)            Temple (1/1) D:4            Lair (0/6) D:10
Ossuary (visited)         Gauntlet (1/1)
    Orc: D:9-12

Altars:
Ashenzari
Cheibriados
Dithmenos
Elyvilon
Fedhas
Gozag
Hepliaklqana
Kikubaaqudgha
Makhleb
Nemelex Xobeh
Okawaru
Qazlal
Ru
Sif Muna
Trog
Uskayaw
Vehumet
Wu Jian
Xom
Yredelemnul
Zin
The Shining One

Shops:
D:9 ?

Portals:
Abyss: D:6

Annotations:
D:6 2 transporters, OceanMan's ghost, novice KoAr
D:7 exclusion: 2 downstairs
D:8 Harold Gauntlet 8 transporters


Innate Abilities, Weirdness & Mutations

You cannot wear most types of armour.
You are very stealthy in the water. (Stealth+)
You are amphibious.
You can wear up to eight rings at the same time.
You can use your tentacles to constrict eight enemies at once.
Your skin changes colour to match your surroundings (Stealth+).
Your rubbery body absorbs attacks. (AC +1, EV +1)
One of your tentacles bears a spike.
You are agile. (Dex +2)


Message History

There is a gate leading back out of this place, spattered with blood here.
Items here: ) / ::: [.
You feel much better.
The minotaur hits you with a +0 vorpal quarterstaff!!
* * * LOW HITPOINT WARNING * * *
x2 The minotaur completely misses you.
The helpless minotaur fails to defend itself.
You impale the minotaur!! You grab the minotaur.
You pierce the minotaur, but do no damage.
You squeeze the minotaur!
The minotaur is heavily wounded.
You constrict the minotaur, but do no damage.
The helpless minotaur fails to defend itself.
You impale the minotaur!!
You pierce the minotaur, but do no damage.
The minotaur is severely wounded.
You flicker for a moment.
You constrict the minotaur.
The minotaur hits you with a +0 vorpal quarterstaff!!
You die...

.#...## ##...≈#
.....#### #####
..8.####.##...#
....≈##..##.#.# #
#...##......#.# (#
#...#....##.#.####'##
#...#.8©.##...##.H⌠.#
#...#....##.#.##@...#
#.8.#.8©....#.'....⌠+
#...#....##.#.##.⌠..#
#...#.8©.##...###+###
#...#....##.#.#
#...##......#.#
....≈##..##.#.#
..8.####.##...#
.....##### ####


You could see a minotaur.

Vanquished Creatures
  A blizzard demon (Gauntlet)
  Josephine (D:10)
  A two-headed ogre (D:9)
  Pikel (D:6)
  An ugly thing (D:8)
  Joseph (D:10)
  Psyche (D:8)
  Maggie (D:10)
  A troll (D:9)
  A hornet (D:10)
  Grinder (D:4)
  2 hippogriffs
  12 yaks
  3 wraiths (D:10)
  Menkaure (D:6)
  2 ice beasts
  2 orc warriors
  2 sky beasts
  2 phantoms
  3 black bears
  6 ogres
  A necrophage (D:8)
  An eye of draining (D:8)
  3 centaurs
  A lemure (D:6)
  A big kobold (D:10)
  9 bullfrogs
  A water moccasin skeleton (D:6)
  3 scorpions
  15 killer bees
  9 wights (D:7)
  2 howler monkeys
  A centaur zombie (D:5)
  3 bullfrog zombies
  5 hounds
  2 jellies
  4 orc priests
  Ijyb (D:3)
  13 orc wizards
  4 iguanas
  6 worker ants
  A killer bee zombie (D:7)
  A hound zombie (D:10)
  12 mummies (Ossuary)
  14 adders
  7 gnolls
  A shadow imp (D:4)
  3 ufetubi
  2 oozes (D:3)
  2 adder zombies
  An adder skeleton (D:5)
  2 worms
  2 dart slugs (D:1)
  4 leopard geckos
  27 orcs
  5 bats
  6 giant cockroaches
  7 goblins
  12 hobgoblins
  20 jackals
  4 quokkas
  2 ball pythons
  7 frilled lizards
  3 goblin skeletons (Ossuary)
  19 kobolds
  3 kobold skeletons (Ossuary)
  A leopard gecko zombie (D:5)
  2 orc skeletons (Ossuary)
  8 rats
  11 rat skeletons (Ossuary)
320 creatures vanquished.

Vanquished Creatures (others)
  A sky beast (D:9)
  24 withered plants (Gauntlet)
25 creatures vanquished.

Grand Total: 345 creatures vanquished

Notes
Turn   | Place    | Note
-------+----------+-------------------------------------------
     0 | D:1      | sooty the Octopode Fighter began the quest for the Orb.
     0 | D:1      | Reached XP level 1. HP: 16/16 MP: 1/1
    76 | D:1      | Reached XP level 2. HP: 2/21 MP: 2/2
   811 | D:1      | Reached XP level 3. HP: 21/26 MP: 3/3
  1131 | D:2      | Reached skill level 1 in Stealth
  1313 | D:2      | Reached skill level 3 in Polearms
  1535 | D:2      | Reached XP level 4. HP: 31/31 MP: 4/4
  1631 | D:2      | Found an opulent altar of Gozag.
  1632 | D:2      | Found a shadowy altar of Dithmenos.
  1930 | D:2      | Found a glowing silver altar of Zin.
  2385 | D:3      | Found a hazy altar of Hepliaklqana.
  2511 | D:3      | Noticed Ijyb
  2522 | D:3      | Killed Ijyb
  2522 | D:3      | Reached skill level 4 in Polearms
  2522 | D:3      | Reached XP level 5. HP: 34/36 MP: 5/5
  2632 | D:3      | Found an iron altar of Okawaru.
  2967 | D:4      | Found a staircase to the Ecumenical Temple.
  2982 | Temple   | Entered the Ecumenical Temple
  3163 | Temple   | Became a worshipper of Cheibriados the Contemplative
  3371 | D:4      | Noticed Grinder
  3381 | D:4      | HP: 1/36 [Grinder (4)]
  3384 | D:4      | Killed Grinder
  3384 | D:4      | Reached skill level 5 in Polearms
  3384 | D:4      | Reached skill level 1 in Invocations
  3384 | D:4      | Reached XP level 6. HP: 2/43 MP: 6/6
  3800 | D:4      | Found a blossoming altar of Fedhas.
  3802 | D:4      | Found a stormy altar of Qazlal.
  3854 | D:4      | Found a stormy altar of Qazlal.
  4166 | D:4      | Found a hide-covered altar of Uskayaw.
  4188 | D:4      | Reached skill level 1 in Throwing
  4188 | D:4      | Reached XP level 7. HP: 11/47 MP: 8/8
  4551 | D:5      | Entered Level 5 of the Dungeon
  4570 | D:5      | Reached * piety under Cheibriados
  4646 | D:5      | Found a sand-covered staircase.
  4660 | Ossuary  | Entered an ossuary
  4982 | Ossuary  | Reached skill level 6 in Polearms
  5284 | D:5      | Found a sacrificial altar of Ru.
  5419 | D:5      | Reached XP level 8. HP: 22/54 MP: 9/9
  6003 | D:5      | Reached skill level 7 in Polearms
  6019 | D:5      | Reached ** piety under Cheibriados
  6150 | D:5      | Reached skill level 5 in Stealth
  6527 | D:6      | Found a transporter.
  6527 | D:6      | Found a one-way gate to the infinite horrors of the Abyss.
  6527 | D:6      | Noticed OceanMan's ghost (novice KoAr)
  6527 | D:6      | Identified the cursed +2 trident "Heps" {distort, Int+2}
  6542 | D:6      | Noticed a raiju
  6562 | D:6      | Learned a level 2 spell: Passwall
  6563 | D:6      | Found a transporter.
  6590 | D:6      | Noticed Menkaure
  6594 | D:6      | Killed Menkaure
  6769 | D:6      | Found a shimmering altar of Xom.
  6804 | D:6      | Noticed Pikel
  6824 | D:6      | Killed Pikel
  6824 | D:6      | Reached skill level 8 in Polearms
  6824 | D:6      | Reached XP level 9. HP: 22/59 MP: 11/11
  7408 | D:6      | Noticed a rust devil
  7409 | D:6      | Noticed an ice devil
  7570 | D:6      | Gained mutation: One of your tentacles bears a spike.
                  | [potion of mutation]
  7570 | D:6      | Gained mutation: You are agile. (Dex +2) [potion of
                  | mutation]
  7591 | D:6      | Found an ancient bone altar of Kikubaaqudgha.
  7658 | D:7      | Reached skill level 5 in Fighting
  7725 | D:7      | Reached skill level 9 in Polearms
  7725 | D:7      | Reached skill level 5 in Dodging
  7744 | D:7      | Reached *** piety under Cheibriados
  8086 | D:7      | Reached skill level 1 in Earth Magic
  8089 | D:7      | Reached skill level 1 in Transmutations
  8517 | D:7      | Reached skill level 1 in Spellcasting
  8657 | D:7      | Reached XP level 10. HP: 68/68 MP: 13/13
  8675 | D:7      | Reached **** piety under Cheibriados
  9748 | D:7      | Reached ***** piety under Cheibriados
 10291 | D:8      | Reached skill level 10 in Polearms
 10547 | D:8      | Noticed Harold
 10664 | D:8      | Noticed Psyche
 10674 | D:8      | Killed Psyche
 10761 | D:8      | Noticed a white ugly thing
 10770 | D:8      | Killed a white ugly thing
 11012 | D:8      | Found a hazy altar of Hepliaklqana.
 11175 | D:8      | Found a shimmering blue altar of Sif Muna.
 11178 | D:8      | Found a white marble altar of Elyvilon.
 11296 | D:9      | Found Naicoru's Magic Scroll Shop.
 11571 | D:8      | Reached XP level 11. HP: 74/74 MP: 14/14
 12257 | D:9      | Noticed a two-headed ogre
 12278 | D:9      | Killed a two-headed ogre
 12278 | D:9      | Reached skill level 5 in Shields
 12674 | D:10     | Entered Level 10 of the Dungeon
 12680 | D:10     | Noticed Maggie
 12688 | D:10     | Killed Maggie
 12744 | D:10     | Found a staircase to the Lair.
 12793 | D:10     | Reached ****** piety under Cheibriados
 13160 | D:10     | Reached skill level 11 in Polearms
 13219 | D:10     | Noticed Joseph
 13228 | D:10     | Killed Joseph
 13228 | D:10     | Reached skill level 5 in Throwing
 13336 | D:10     | Noticed Josephine
 13347 | D:10     | Killed Josephine
 13970 | D:11     | Found a gate leading to a gauntlet.
 13987 | D:11     | Noticed a five-headed hydra
 13992 | Gauntlet | Entered a Gauntlet
 13992 | Gauntlet | Found a transporter.
 13995 | Gauntlet | Noticed a large abomination
 14227 | Gauntlet | Noticed a ghost crab
 14324 | Gauntlet | Found a transporter.
 14326 | Gauntlet | Found a transporter.
 14329 | Gauntlet | Found a transporter.
 14330 | Gauntlet | Found a transporter.
 14333 | Gauntlet | Found a transporter.
 14338 | Gauntlet | Found a transporter.
 14339 | Gauntlet | Noticed a cacodemon
 14339 | Gauntlet | Found a transporter.
 14358 | Gauntlet | Found a transporter.
 14375 | Gauntlet | Found a transporter.
 14379 | Gauntlet | Found a transporter.
 14387 | Gauntlet | Found a transporter.
 14453 | Gauntlet | Noticed a blizzard demon
 14697 | Gauntlet | Killed a blizzard demon
 14709 | Gauntlet | Got a bound jade ring
 14712 | Gauntlet | Got a transparent spear
 14713 | Gauntlet | Identified the +8 spear of Onuhicy {elec, rElec rPois} (You
                  | found it in a Gauntlet)
 14714 | Gauntlet | Identified the ring of Uladug {rElec rPois rN++ rCorr
                  | Int-3} (You found it in a Gauntlet)
 14898 | Gauntlet | Identified the ring of the Ego {rElec rPois Str+2 Dex-5
                  | Stlth-}
 14898 | Gauntlet | Noticed a minotaur
 14904 | Gauntlet | Demolished by a minotaur

Illustrated notes

Levels and vault maps discovered:
D:1:      nicolae_arrival_washed_ashore, layout_basic, minmay_split_cup_large
D:2:      layout_basic, lemuel_round_altar, gammafunk_temple_overflow_pools,
          minmay_hexomino_p4
D:3:      layout_loops_ring, okawaru_metal_pillars_3,
          nicolae_overflow_crystal_walls, uniq_ijyb
D:4:      layout_gridville, grunt_temple_overflow_forces_of_nature,
          kennysheep_mini_moat, minmay_temple_entry_junction_2,
          grunt_qazlal_clouds, uniq_grinder
D:5:      minmay_razor_zed, layout_gridville, enter_ossuary_5,
          minmay_misc_feat_five, nicolae_ru_awakened_eye
D:6:      layout_loops_corners, xom_teletrap_fun, kennysheep_mini,
          gammafunk_ghost_abyssal_escape, uniq_pikel, uniq_menkaure
D:7:      black_bear_nest_1, layout_loops_cross
D:8:      layout_rooms, minitemple, basic_altar, dk_noncrumbling_3, uniq_psyche,
          uniq_harold
D:9:      layout_loops_ring, serial_shops, nicolae_shop_trees
D:10:     layout_stronghold, lair_entry_dummy, uniq_joseph, uniq_maggie,
          uniq_josephine
D:11:     layout_loops_ring, gammafunk_ghost_split, gauntlet_entry_generic
Temple:   jpeg_temple_alley_garden
Gauntlet: minmay_gauntlet_mixed_oops_all_seconds
          [minmay_gauntlet_arena_77_two_lines, nicolae_gauntlet_arena_x,
          minmay_gauntlet_arena_77_double_cross,
          gammafunk_gauntlet_arena_spirals,
          minmay_gauntlet_arena_77_broken_ladder,
          gammafunk_gauntlet_arena_hedges, gauntlet_exit_hidden_loot]

Skill      XL: |  1  2  3  4  5  6  7  8  9 10 11 |
---------------+----------------------------------+-----
Stealth        | 1 2 3 4 5 6 |  6.1
Polearms       | 3 4 5 6 8 9 10 11 | 11.5
Invocations    | 1 2 3 4 |  4.0
Throwing       | 1 2 3 4 5 |  5.3
Fighting       | 4 5 6 7 |  7.3
Dodging        | 4 5 6 |  6.9
Earth Magic    | 1 3 4 |  4.0
Transmutations | 1 2 3 |  3.8
Spellcasting   | 1 2 3 |  3.7
Shields        | 4 5 |  5.6
Evocations     | |  0.3

Action                   |  1- 3 |  4- 6 |  7- 9 | 10-12 || total
-------------------------+-------+-------+-------+-------++-------
Melee: Trident           |    88 |   107 |   274 |   254 ||   723
       Constrict         |    16 |    21 |    57 |    49 ||   143
       Tentacles         |     8 |    18 |    61 |    74 ||   161
       Kick              |       |       |    37 |   146 ||   183
       Spear             |       |       |       |     2 ||     2
Throw: Dart              |     7 |    17 |    42 |    43 ||   109
       Boomerang         |       |       |    17 |    47 ||    64
Invok: Bend Time         |       |       |     1 |     3 ||     4
Evoke: Wand              |       |       |     2 |     2 ||     4
  Use: Potion            |       |     3 |     2 |     6 ||    11
       Scroll            |       |       |    14 |    11 ||    25
 Stab: Sleeping          |     6 |    13 |    25 |    15 ||    59
       Distracted        |       |       |     1 |     4 ||     5
       Paralysed         |       |       |       |     3 ||     3
Armor: Skin              |     4 |     4 |     1 |     4 ||    13
Dodge: Dodged            |    23 |    24 |    54 |   103 ||   204
Block: Kite shield       |    27 |    28 |    59 |   111 ||   225

Table legend: (Time is in decaauts)
 A = Elapsed time spent in this place.
 B = Non-inter-level travel time spent in this place.
 C = Inter-level travel time spent in this place.
 D = Time resting spent in this place.
 E = Time spent auto-exploring this place.
 F = Levels seen in this place.
 G = Mean time per level.
                   A        B        C        D        E       F      G
               +--------+--------+--------+--------+--------+-----+--------+
         Total |  18601 |  17957 |    644 |   5346 |   9113 |  14 | 1328.6 |
       Dungeon |  16349 |  15751 |    598 |   4638 |   8548 |  11 | 1486.3 |
        Temple |    223 |    177 |     46 |      0 |    176 |   1 |  223.0 |
       Ossuary |    696 |    696 |      0 |    274 |     76 |   1 |  696.0 |
      Gauntlet |   1331 |   1331 |      0 |    434 |    312 |   1 | 1331.0 |
               +--------+--------+--------+--------+--------+-----+--------+

Top non-repeatable levels by time:
     D:7: 2687 daAuts
    D:10: 2082 daAuts
     D:8: 1875 daAuts
     D:6: 1833 daAuts
     D:9: 1726 daAuts
     D:4: 1608 daAuts
     D:5: 1516 daAuts
Gauntlet: 1331 daAuts
     D:2: 1030 daAuts
     D:1: 1002 daAuts
     D:3: 944 daAuts
 Ossuary: 696 daAuts
  Temple: 223 daAuts
    D:11: 40 daAuts
